 Dungeon Crawl Stone Soup version 0.14-a0-1721-g84c87b2 (webtiles) character file.

227264 ReteAZ the Executioner (level 18, -11/178 HPs)
             Began as a Deep Dwarf Fighter on Dec 31, 2013.
             Was the Champion of Makhleb.
             Killed from afar by a deep elf annihilator (69 damage)
             ... with a crystal spear
             ... led by an ironheart preserver
             ... on Level 3 of the Vaults on Jan 2, 2014.
             The game lasted 05:02:11 (33778 turns).

ReteAZ the Executioner (Deep Dwarf Fighter)        Turns: 33778, Time: 05:02:12

HP -11/178       AC 32     Str 24      XL: 18   Next: 58%
MP  24/24        EV 13     Int 13      God: Makhleb [******]
Gold 2933        SH  0     Dex 15      Spells:  5 memorised,  0 levels left

rFire  + . .     SeeInvis .     T - +5,+3 battleaxe (vamp)
rCold  + . .     Clarity  .     b - +5 pearl dragon armour
rNeg   + + +     Conserve +     (no shield)
rPois  .         rCorr    .     Q - +2 wizard hat
rElec  .         rRot     .     y - +0 cloak
SustAb . .       Spirit   .     r - +1 pair of gloves
rMut   .         Warding  .     W - +2 pair of boots
Saprov . . .     Stasis   .     Z - amulet of conservation
                                i - ring of Cleir {+Fly rF+ rN+}
                                J - +3 ring of dexterity

@: non-regenerating, about to teleport, studying Air Magic, extremely poisoned,
very resistant to hostile enchantments, extremely unstealthy
A: damage resistance, recharge devices, hooves 1, horns 1, cold resistance 1,
life protection 1, sense surroundings 3, slow healing 3
a: Device Recharging, Minor Destruction, Lesser Servant of Makhleb, Major
Destruction, Greater Servant of Makhleb, Renounce Religion, Evoke Flight
}: 1/15 runes: barnacled


You were on level 3 of the Vaults.
You worshipped Makhleb.
Makhleb was exalted by your worship.
You were hungry.

You visited 8 branches of the dungeon, and saw 39 of its levels.
You also visited: Sewer.

You collected 4322 gold pieces.
You spent 1389 gold pieces at shops.

Inventory:

Hand weapons
 h - a +2,+1 vampiric war axe
 T - a +5,+3 vampiric battleaxe (weapon)
Missiles
 P - 3 javelins of penetration (quivered)
Armour
 b - a +5 pearl dragon armour (worn)
 k - a +0 fire dragon armour
 r - a +1 pair of gloves (worn)
 y - a +0 cloak (worn)
 F - a +2 pair of orcish boots
 M - a +2 buckler of cold resistance
 Q - a +2 wizard hat (worn)
 W - a +2 pair of boots (worn)
Magical devices
 d - a wand of heal wounds (0)
 f - a wand of flame (6)
 s - a wand of confusion (9)
 t - a wand of hasting (0)
 C - a wand of polymorph (13)
 K - a wand of disintegration (8)
 L - a wand of draining (8)
 U - a wand of teleportation (0)
Comestibles
 m - 2 meat rations
 u - 6 bread rations
 E - a choko
Scrolls
 a - 2 scrolls of magic mapping
 l - 4 scrolls of remove curse
 o - 2 scrolls of teleportation
 p - 7 scrolls of identify
 A - a scroll of fog
 N - a scroll of silence
Jewellery
 i - the ring of Cleir (right hand) {+Fly rF+ rN+}
   (You found it on level 8 of the Dungeon)

   [ring of flight]

   It protects you from fire.
   It protects you from negative energy.
 n - a +2 ring of evasion
 z - an uncursed amulet of the gourmand
 B - a cursed -2 ring of intelligence
 I - an uncursed ring of protection from fire
 J - a +3 ring of dexterity (left hand)
 Z - an amulet of conservation (around neck)
Potions
 g - a potion of resistance
 j - a potion of cure mutation
 q - 2 potions of heal wounds
 x - 5 potions of curing
 O - a potion of lignification
 S - a potion of restore abilities
 V - 2 potions of magic
Books
 c - a book of Dreams

   Spells                             Type                      Level
   Ensorcelled Hibernation            Hexes/Ice                    2
   *Flight                            Charms/Air                   3
   Phase Shift                        Translocation                5
   Shadow Creatures                   Summoning                    5
   Mass Confusion                     Hexes                        6
   Darkness                           Hexes                        7
 e - a book of Control

   Spells                             Type                      Level
   *Control Teleport                  Charms/Translocation         4
   Control Undead                     Necromancy                   4
   Enslavement                        Hexes                        4
   Mass Confusion                     Hexes                        6
   Metabolic Englaciation             Hexes/Ice                    6
 v - a book of Callings

   Spells                             Type                      Level
   Summon Small Mammal                Summoning                    1
   Call Imp                           Summoning                    2
   Call Canine Familiar               Summoning                    3
   Summon Scorpions                   Summoning/Poison             4
   Summon Ice Beast                   Ice/Summoning                4
 w - a book of Minor Magic

   Spells                             Type                      Level
   Magic Dart                         Conjuration                  1
   *Blink                             Translocation                2
   Call Imp                           Summoning                    2
   *Repel Missiles                    Charms/Air                   2
   Slow                               Hexes                        2
   Conjure Flame                      Conjuration/Fire             3
   Mephitic Cloud                     Conjuration/Poison/Air       3
 D - a book of Wizardry

   Spells                             Type                      Level
   Summon Elemental                   Summoning                    4
   Agony                              Necromancy                   5
   Force Lance                        Conjuration                  5
   Fireball                           Conjuration/Fire             5
   *Haste                             Charms                       6
   Invisibility                       Hexes                        6
 G - the Reference Book on Malediction
   (You found it on level 1 of the Vaults)

   Spells                             Type                      Level
   Sure Blade                         Hexes/Charms                 2
   Inner Flame                        Hexes/Fire                   3
   Mass Confusion                     Hexes                        6
 H - a book of Frost

   Spells                             Type                      Level
   Freeze                             Ice                          1
   Throw Frost                        Conjuration/Ice              2
   Ozocubu's Armour                   Charms/Ice                   3
   Throw Icicle                       Conjuration/Ice              4
   Summon Ice Beast                   Ice/Summoning                4
   Condensation Shield                Ice                          4
 R - a book of Flames

   Spells                             Type                      Level
   Flame Tongue                       Conjuration/Fire             1
   Throw Flame                        Conjuration/Fire             2
   Conjure Flame                      Conjuration/Fire             3
   Inner Flame                        Hexes/Fire                   3
   Sticky Flame                       Conjuration/Fire             4
   Fireball                           Conjuration/Fire             5
 X - a book of Unlife

   Spells                             Type                      Level
   Recall                             Summoning/Translocation      3
   Animate Dead                       Necromancy                   4
   Control Undead                     Necromancy                   4
   Twisted Resurrection               Necromancy                   5
   Death Channel                      Necromancy                   6
   Simulacrum                         Ice/Necromancy               6
 Y - a manual of Air Magic


   Skills:
 - Level 15.0 Fighting
 - Level 21.1 Axes
 + Level 16.0 Armour
 - Level 9.0 Dodging
   Level 3.2 Shields
 + Level 10.5 Charms
 + Level 7.2 Translocations
 - Level 9.0 Evocations


You couldn't memorise any spells.
You knew the following spells:

 Your Spells              Type           Power        Failure   Level  Hunger
a - Repel Missiles        Chrm/Air       ##........   10%         2    ###....
b - Flight                Chrm/Air       ##........   17%         3    ####...
c - Blink                 Tloc           N/A          3%          2    ###....
d - Control Teleport      Chrm/Tloc      ###.......   14%         4    #####..
e - Haste                 Chrm           ####....     82%         6    #######


Dungeon Overview and Level Annotations

Branches:
Dungeon (16/16)            Temple (1/1) D:4             Orc (4/4) D:10
    Elf (1/3) Orc:3          Lair (8/8) D:10         Shoals (5/5) Lair:5
  Snake (1/5) Lair:5        Slime (0/6) Lair:6       Vaults (3/5) D:14
  Blade (0/1) Vaults:3      Crypt (0/5) Vaults:3     Depths (0/6) D:16

Altars:
Cheibriados
Elyvilon
Makhleb
Okawaru
Sif Muna
Trog
Vehumet
Xom
Yredelemnul
Zin

Shops:
D:8 *   D:9 *   D:12 ??*   Orc:1 [   Orc:4 (}:/   Elf:1 *   Vaults:1 **
Vaults:2 %:!}}

Annotations:
Shoals:5 exclusion: oklob plant
Snake:1 Louise


Innate Abilities, Weirdness & Mutations

You are resistant to damage.
You can recharge devices by infusing magical energy.
You resist negative energy.
You passively map a large area around you.
You do not heal naturally.
You have large cloven feet.
You have a pair of small horns on your head.
Your flesh is cold resistant.


Message History

Read which item? (? for menu, Esc to quit)
As you read the scroll of teleportation, it crumbles to dust.
You feel strangely unstable.
You are engulfed in roaring flames.
You resist.
You feel very sick.
The vault warden activates a sealing rune.
Zkyp's ghost is engulfed in roaring flames.
Zkyp's ghost hits you but does no damage.
The deep elf annihilator mumbles some strange words.
The deep elf annihilator blinks!
You barely miss zkyp's ghost.
You kick zkyp's ghost, but do no damage.
Zkyp's ghost is almost destroyed.
You are engulfed in roaring flames.
You resist.
You feel a little better.
Zkyp's ghost is engulfed in roaring flames.
Zkyp's ghost is destroyed!
You feel extremely sick.
The deep elf annihilator casts a spell at you.
The crystal spear hits you!
You die...

#..# *{ . ,, , #..# O..**
, , . ,, #..# #.OO , *
###+####..###+##########
*
..)@......e..e...........
,*
(.)@@...........§§.......
,,
#####+##..))...§§.§§.....
, ... #..)..@§.§§§v§.....
*
...,,#.§.@.e.§@§§§§.....
, #......v@v§§v...... ,
,,, #.......§§#+######...
* ,, +....)...§# ,
#.....# , ,<,.#......)..#
,#.....# , ,
.#.....))).#, .. #.....#
, . #.........# ....
#.....# , #.......<.#
.....#.....# ,,
,#.........# .....#..>..#


You could see a vault warden, an ironheart preserver, a vault guard, 2 deep elf
annihilators, 4 fire vortices and a deep elf fighter.

Vanquished Creatures
  Boris (Vaults:3)
  Sojobo (Vaults:2)
  Nikola (Shoals:1)
  A tentacled monstrosity (Vaults:1)
  A sphinx (Vaults:2)
  Rupert (D:15)
  2 tengu reavers (Vaults:2)
  Frances (Shoals:5)
  Kirke (Shoals:2)
  8 vault wardens
  A fire giant (Vaults:3)
  A frost giant (Vaults:1)
  A deep elf sorcerer (Vaults:3)
  8 stone giants
  A deep elf demonologist (Vaults:1)
  A deep elf annihilator (Vaults:1)
  A white draconian (Vaults:1)
  2 merfolk javelineers
  Snorg (Lair:7)
  A fire dragon (D:15)
  7 merfolk impalers
  2 sirens
  14 vault guards
  4 ironheart preservers
  9 yaktaur captains
  8 merfolk aquamancers
  A great orb of eyes (Vaults:2)
  A ravenous feature mimic (Vaults:2)
  Fannar (Orc:3)
  Harold (Lair:2)
  5 hydras
  9 ogre magi
  A ravenous item mimic (Vaults:1)
  An anaconda (Lair:8)
  Erica (Lair:5)
  A plague shambler (D:16)
  A vampire mage (D:16)
  6 death yaks (Lair:4)
  2 dancing weapons (Vaults:3)
  Urug (D:16)
  A catoblepas (D:14)
  A dryad (Vaults:2)
  Nergalle (Orc:2)
  9 centaur warriors
  A sea snake (shapeshifter) (Vaults:2)
  A skeletal warrior (D:16)
  10 deep elf knights
  2 unseen horrors
  7 hill giants
  12 sea snakes
  2 giant amoebae
  5 ironbrand convokers
  A necromancer (D:16)
  A deep troll (Vaults:2)
  3 orc knights
  A lindwurm (shapeshifter) (Vaults:2)
  Joseph (Orc:3)
  4 deep elf conjurers
  2 orc sorcerers
  13 harpies
  6 griffons
  A red wasp (shapeshifter) (Vaults:3)
  6 cyclopes
  2 deep elf summoners (Elf:1)
  2 octopodes
  9 vault sentinels
  An item mimic (Elf:1)
  19 black mambas
  A guardian serpent (Vaults:1)
  7 spiny frogs
  A feature mimic (Lair:2)
  An elf (shapeshifter) (Vaults:2)
  2 yaktaurs (shapeshifter)
  A mermaid (shapeshifter) (Vaults:2)
  6 trolls
  10 mermaids
  26 yaktaurs
  9 fire drakes (D:14)
  A troll (shapeshifter) (Vaults:1)
  A hydra zombie (D:16)
  21 two-headed ogres
  A spriggan (D:7)
  6 blink frogs
  3 deep elf priests
  An iron troll skeleton (D:16)
  6 komodo dragons
  A boulder beetle (Lair:6)
  An ettin zombie (D:16)
  19 slime creatures
  8 water elementals (Shoals:5)
  4 wyverns
  A grizzly bear (shapeshifter) (Vaults:2)
  6 basilisks
  A redback (Vaults:1)
  2 wraiths
  2 air elementals (Vaults:2)
  A yak (shapeshifter) (Vaults:2)
  12 deep elf magi
  4 sharks
  2 hill giant zombies (D:13)
  2 griffon skeletons (D:15)
  44 ugly things
  A shadow (D:16)
  7 snapping turtles
  A hungry ghost (D:15)
  16 yaks
  Eustachio (D:6)
  A clay golem (Vaults:2)
  3 vampires
  4 hogs (Shoals:2)
  13 deep elf fighters
  A steam dragon (Lair:4)
  11 wolves
  4 vampire mosquitoes
  A hill giant skeleton (D:9)
  19 hippogriffs
  28 merfolk
  2 soldier ants
  11 manticores
  2 mottled dragons
  9 porcupines
  A swamp drake (D:10)
  2 necrophages
  2 freezing wraiths
  A red wasp simulacrum (D:16)
  29 orc warriors
  Purgy (Sewer)
  A blink frog (shapeshifter) (D:16)
  A blink frog zombie (D:15)
  A black bear (D:9)
  6 ice beasts
  A sky beast (D:12)
  42 ogres
  14 crocodiles
  4 wargs
  A centaur (shapeshifter) (Vaults:1)
  A lava worm (D:16)
  30 centaurs
  4 giant slugs
  15 water moccasins
  4 big kobolds
  A gnoll sergeant (D:10)
  9 agate snails
  16 giant frogs
  A glowing shapeshifter simulacrum (Vaults:3)
  2 cyclops zombies
  3 eyes of draining
  A deep troll simulacrum (Vaults:2)
  A cyclops skeleton (D:11)
  A hippogriff zombie (D:5)
  2 manticore skeletons
  19 killer bees
  2 yak zombies
  3 electric eels (Lair:5)
  5 jellyfish (Lair:5)
  A troll skeleton (D:7)
  A yak skeleton (D:14)
  3 goliath beetles
  A giant frog zombie (D:5)
  A centaur zombie (D:10)
  A lava snake (D:16)
  A big fish (Lair:5)
  9 wights
  3 jellies
  12 hounds
  15 crimson imps
  Crazy Yiuf (D:3)
  An elf zombie (Vaults:3)
  21 orc priests
  A basilisk skeleton (D:14)
  8 iguanas
  A scorpion (D:13)
  35 orc wizards
  20 worker ants
  2 lava fish (D:16)
  19 sheep
  3 sky beast zombies
  A crocodile zombie (D:5)
  An ogre zombie (D:5)
  Ijyb (D:6)
  A hound skeleton (D:7)
  A worker ant zombie (D:7)
  30 adders
  6 giant centipedes
  5 gnolls (D:10)
  46 green rats
  5 giant mites
  A white imp (D:10)
  10 worms
  2 grey rats (D:3)
  2 giant eyeballs
  12 giant geckos
  2 oozes
  172 orcs
  9 giant cockroaches
  17 goblins
  17 hobgoblins
  34 jackals
  37 kobolds
  12 quokkas
  4 ball pythons
  37 bats
  3 giant newts
  2 giant spores
  3 hobgoblin zombies
  23 rats
  A rat skeleton (D:5)
  2 rat zombies
  4 spectral orcs (Orc:2)
  3 ballistomycetes
  12 fungi
  13 plants
1503 creatures vanquished.

Vanquished Creatures (others)
  The ghost of zkyp the Eclecticist, a great OpVM of Vehumet (Vaults:3)
  An ironbrand convoker (Vaults:3)
  A deep elf priest (Elf:1)
  A redback (Vaults:1)
  A merfolk (Shoals:1)
  A centaur (Vaults:2)
  2 orcs
  3 plants
11 creatures vanquished.

Grand Total: 1514 creatures vanquished

Notes
Turn   | Place    | Note
--------------------------------------------------------------
     0 | D:1      | ReteAZ, the Deep Dwarf Fighter, began the quest for the Orb.
     0 | D:1      | Reached XP level 1. HP: 20/20 MP: 1/1
   219 | D:1      | Reached XP level 2. HP: 27/27 MP: 2/2
   691 | D:1      | Reached XP level 3. HP: 28/33 MP: 3/3
   930 | D:1      | Reached skill level 4 in Axes
  1367 | D:2      | Reached XP level 4. HP: 32/40 MP: 4/4
  1595 | D:2      | Reached skill level 5 in Axes
  1879 | D:3      | Reached XP level 5. HP: 40/46 MP: 5/5
  1930 | D:3      | Reached skill level 6 in Axes
  1987 | D:3      | Found a white marble altar of Elyvilon.
  2089 | D:3      | Found a glowing drain.
  2121 | Sewer    | Entered a sewer
  2164 | Sewer    | Noticed Purgy
  2182 | Sewer    | Killed Purgy
  2182 | Sewer    | Reached skill level 7 in Axes
  2182 | Sewer    | Reached XP level 6. HP: 39/55 MP: 6/6
  2194 | Sewer    | Upgraded the game from 0.14-a0-1707-g75daffb to 0.14-a0-1719-ga7e7698
  2467 | D:3      | Noticed Crazy Yiuf
  2479 | D:3      | Killed Crazy Yiuf
  3215 | D:4      | Found a staircase to the Ecumenical Temple.
  3225 | Temple   | Entered the Ecumenical Temple
  3230 | Temple   | Reached skill level 8 in Axes
  3243 | Temple   | Became a worshipper of Makhleb the Destroyer
  3741 | D:4      | Found a snail-covered altar of Cheibriados.
  4014 | D:5      | Entered Level 5 of the Dungeon
  4046 | D:5      | Reached XP level 7. HP: 47/61 MP: 7/7
  4226 | D:5      | Reached skill level 9 in Axes
  4321 | D:5      | Acquired Makhleb's first power
  5316 | D:6      | Acquired Makhleb's second power
  5316 | D:6      | Reached XP level 8. HP: 68/68 MP: 8/8
  5366 | D:6      | Reached skill level 5 in Armour
  5403 | D:6      | Reached skill level 10 in Axes
  5562 | D:6      | Noticed Ijyb
  5576 | D:6      | Killed Ijyb
  5602 | D:6      | Noticed Eustachio
  5623 | D:6      | Killed Eustachio
  6261 | D:7      | Acquired Makhleb's third power
  6327 | D:7      | Reached skill level 11 in Axes
  6365 | D:7      | Gained mutation: You passively map the area around you. [level up]
  6365 | D:7      | Reached XP level 9. HP: 44/74 MP: 8/8
  6577 | D:7      | Acquired Makhleb's fourth power
  6643 | D:7      | Noticed a spriggan baker
  6651 | D:7      | Killed a spriggan baker
  7292 | D:8      | Reached skill level 12 in Axes
  7345 | D:8      | Found a bloodstained altar of Trog.
  7516 | D:8      | Acquired Makhleb's fifth power
  7655 | D:8      | Reached skill level 1 in Evocations
  7762 | D:8      | Reached XP level 10. HP: 49/81 MP: 14/16
  7984 | D:8      | Found Afoimi's Assorted Antiques.
  7991 | D:8      | Reached skill level 5 in Evocations
  8402 | D:8      | Got a smoking silver ring
  8473 | D:8      | Bought a scroll labeled BRIASO GUIWKA for 20 gold pieces
  8473 | D:8      | Bought a potion of curing for 40 gold pieces
  8473 | D:8      | Bought a scroll labeled FRE CHEAZXORR for 20 gold pieces
  8478 | D:8      | Identified the ring of Cleir {+Fly rF+ rN+} (You found it on level 8 of the Dungeon)
  8517 | D:9      | Reached skill level 13 in Axes
  8617 | D:9      | Found Qilaladea's Assorted Antiques.
  8777 | D:9      | Found a bloodstained altar of Trog.
  8803 | D:9      | Found an iron altar of Okawaru.
  9104 | D:10     | Entered Level 10 of the Dungeon
  9359 | D:10     | Found a staircase to the Orcish Mines.
  9481 | D:10     | Found a staircase to the Lair.
  9691 | D:10     | Noticed a hill giant
  9716 | D:10     | Killed a hill giant
  9716 | D:10     | Reached skill level 14 in Axes
  9734 | D:10     | Reached XP level 11. HP: 76/90 MP: 22/22
 10009 | D:11     | Upgraded the game from 0.14-a0-1719-ga7e7698 to 0.14-a0-1721-g84c87b2
 10643 | D:11     | Noticed a hill giant
 10652 | D:11     | Killed a hill giant
 10825 | Lair:1   | Entered Level 1 of the Lair of Beasts
 11369 | Lair:1   | Reached skill level 15 in Axes
 12148 | Lair:2   | Noticed Harold
 12163 | Lair:2   | Reached skill level 5 in Fighting
 12168 | Lair:2   | Killed Harold
 12622 | Lair:3   | Reached skill level 16 in Axes
 13305 | Lair:4   | Reached XP level 12. HP: 104/106 MP: 23/23
 13436 | Lair:4   | Found an iron altar of Okawaru.
 13721 | Lair:4   | Noticed a death yak
 13722 | Lair:4   | Noticed a death yak
 13722 | Lair:4   | Noticed a death yak
 13723 | Lair:4   | Noticed a death yak
 13723 | Lair:4   | Noticed a death yak
 13724 | Lair:4   | Noticed a death yak
 13733 | Lair:4   | Killed a death yak
 13741 | Lair:4   | Killed a death yak
 13749 | Lair:4   | Killed a death yak
 13760 | Lair:4   | Killed a death yak
 13774 | Lair:4   | Killed a death yak
 13781 | Lair:4   | Killed a death yak
 13934 | Lair:5   | Reached skill level 10 in Fighting
 14081 | Lair:5   | Found a staircase to the Snake Pit.
 14601 | Lair:5   | Noticed Erica
 14619 | Lair:5   | Killed Erica
 14844 | Lair:5   | Noticed an eight-headed hydra
 14862 | Lair:5   | Killed a 18-headed hydra
 14862 | Lair:5   | Reached XP level 13. HP: 68/128 MP: 24/24
 14868 | Lair:5   | Found a staircase to the Shoals.
 15618 | Lair:6   | Found a staircase to the Slime Pits.
 15910 | Lair:7   | Noticed Snorg
 15927 | Lair:7   | Killed Snorg
 16444 | Lair:8   | Entered Level 8 of the Lair of Beasts
 17144 | Lair:8   | Noticed a dire elephant
 17144 | Lair:8   | Noticed a dire elephant
 17467 | D:12     | Found Omabraupt's General Store.
 17473 | D:12     | Bought a potion of restore abilities for 54 gold pieces
 17475 | D:12     | Bought a wand of lightning (7) for 198 gold pieces
 17518 | D:12     | Found Blac's Magic Scroll Shop.
 17532 | D:12     | Bought a scroll of enchant armour for 82 gold pieces
 17543 | D:12     | Found Schoteho's Magic Scroll Shop.
 17561 | D:12     | Bought a scroll of enchant armour for 88 gold pieces
 17561 | D:12     | Bought a scroll of teleportation for 48 gold pieces
 17561 | D:12     | Bought a scroll of enchant armour for 88 gold pieces
 17561 | D:12     | Bought a scroll of blinking for 88 gold pieces
 17561 | D:12     | Bought a scroll of enchant armour for 88 gold pieces
 17561 | D:12     | Bought a scroll of blinking for 88 gold pieces
 17695 | D:12     | Reached skill level 1 in Dodging
 18091 | D:13     | Identified a -2 rod of striking (13/13) (You found it on level 13 of the Dungeon)
 18278 | D:13     | Paralysed by a giant eyeball for 4 turns
 18482 | D:13     | Reached skill level 10 in Armour
 18933 | D:13     | Gained mutation: You resist negative energy. [level up]
 18933 | D:13     | Reached XP level 14. HP: 144/144 MP: 24/24
 19118 | D:14     | Reached skill level 5 in Dodging
 19258 | D:14     | Found a gate to the Vaults.
 20211 | D:15     | Entered Level 15 of the Dungeon
 20378 | D:15     | Noticed Rupert
 20437 | D:15     | Killed Rupert
 21012 | D:16     | Entered Level 16 of the Dungeon
 21133 | D:16     | Noticed Urug
 21140 | D:16     | Killed Urug
 21389 | D:16     | Found a staircase to the Depths.
 21978 | Orc:1    | Entered Level 1 of the Orcish Mines
 21984 | Orc:1    | Found Rawounex's Armour Boutique.
 21992 | Orc:1    | Reached XP level 15. HP: 86/150 MP: 25/25
 22593 | Orc:2    | Noticed Nergalle
 22614 | Orc:2    | Killed Nergalle
 22808 | Orc:3    | Found a staircase to the Elven Halls.
 23003 | Orc:3    | Noticed Fannar
 23026 | Orc:3    | Killed Fannar
 23211 | Orc:3    | Noticed Joseph
 23229 | Orc:3    | Killed Joseph
 23300 | Orc:3    | Reached skill level 17 in Axes
 23560 | Orc:4    | Entered Level 4 of the Orcish Mines
 23684 | Orc:4    | Found Zasheff's Magical Wand Emporium.
 23684 | Orc:4    | Found Klatuemu's Book Boutique.
 23685 | Orc:4    | Found Muguxupt's Gadget Boutique.
 23686 | Orc:4    | Found Xotaun's Weapon Shoppe.
 24236 | Elf:1    | Entered Level 1 of the Elven Halls
 24743 | Elf:1    | Reached skill level 18 in Axes
 24776 | Elf:1    | Found Ihun's Assorted Antiques.
 24838 | Elf:1    | Learned a level 2 spell: Repel Missiles
 24913 | Elf:1    | Bought a scroll of enchant armour for 198 gold pieces
 25186 | Snake:1  | Entered Level 1 of the Snake Pit
 25371 | Snake:1  | Noticed Louise
 25472 | Shoals:1 | Entered Level 1 of the Shoals
 25545 | Shoals:1 | Reached skill level 1 in Charms
 25650 | Shoals:1 | Noticed Nikola
 25692 | Shoals:1 | Killed Nikola
 26303 | Shoals:3 | Learned a level 3 spell: Flight
 26306 | Shoals:3 | Learned a level 2 spell: Blink
 26518 | Shoals:2 | Reached skill level 1 in Translocations
 26666 | Shoals:2 | Noticed Kirke
 26696 | Shoals:2 | Killed Kirke
 26794 | Shoals:2 | Reached XP level 16. HP: 159/159 MP: 26/26
 27361 | Shoals:4 | Reached skill level 19 in Axes
 27733 | Shoals:5 | Entered Level 5 of the Shoals
 27736 | Shoals:5 | Noticed Frances
 27929 | Shoals:5 | Found a shimmering altar of Xom.
 28134 | Shoals:5 | Gained mutation: You have large cloven feet. [potion of mutation]
 28134 | Shoals:5 | Gained mutation: You have a pair of small horns on your head. [potion of mutation]
 28134 | Shoals:5 | Gained mutation: Your flesh is cold resistant. [potion of mutation]
 28169 | Shoals:5 | Reached skill level 5 in Translocations
 28174 | Shoals:5 | Reached skill level 5 in Charms
 28467 | Shoals:5 | Killed Frances
 28629 | Shoals:5 | Got a barnacled rune of Zot
 29038 | Vaults:1 | Entered Level 1 of the Vaults
 29069 | Vaults:1 | Reached skill level 20 in Axes
 29383 | Vaults:1 | Reached XP level 17. HP: 166/166 MP: 25/25
 29473 | Vaults:1 | Found Oryh's General Store.
 29483 | Vaults:1 | Bought a scroll of fear for 49 gold pieces
 29561 | Vaults:1 | Found Maawas' Assorted Antiques.
 30002 | Vaults:1 | Noticed a tentacled monstrosity
 30542 | Vaults:1 | Killed a tentacled monstrosity
 30614 | Vaults:1 | Reached skill level 21 in Axes
 30780 | Vaults:1 | Identified the Reference Book on Malediction
 30845 | Vaults:1 | Learned a level 4 spell: Control Teleport
 30882 | Vaults:2 | Found Upsohix's Food Shoppe.
 30882 | Vaults:2 | Found Graep's Book Emporium.
 30900 | Vaults:2 | Noticed Sojobo
 30951 | Vaults:2 | Killed Sojobo
 31314 | Vaults:2 | Found Mixongab's Gadget Emporium.
 31314 | Vaults:2 | Found Qesaid's Gadget Boutique.
 31338 | Vaults:2 | Found a portal to a secret trove of treasure.
 31357 | Vaults:2 | Paralysed by a great orb of eyes for 2 turns
 31374 | Vaults:2 | the portal to a secret trove of treasure was a mimic.
 31534 | Vaults:2 | Found Fyrolaz's Distillery.
 31539 | Vaults:2 | Bought a potion of heal wounds for 60 gold pieces
 31539 | Vaults:2 | Bought a potion of heal wounds for 60 gold pieces
 31539 | Vaults:2 | Bought a potion of curing for 40 gold pieces
 31539 | Vaults:2 | Bought a potion of curing for 40 gold pieces
 31539 | Vaults:2 | Bought a potion of curing for 40 gold pieces
 31982 | Vaults:2 | Reached skill level 15 in Armour
 32191 | Vaults:2 | Gained mutation: You passively map a large area around you. [level up]
 32191 | Vaults:2 | Reached XP level 18. HP: 159/176 MP: 24/24
 32622 | Vaults:3 | Found a staircase to the Hall of Blades.
 33200 | Vaults:3 | Learned a level 6 spell: Haste
 33208 | Vaults:3 | Noticed Boris
 33215 | Vaults:3 | Reached skill level 15 in Fighting
 33247 | Vaults:3 | Killed Boris
 33247 | Vaults:3 | Reached skill level 10 in Charms
 33350 | Vaults:3 | Found a staircase to the Crypt.
 33725 | Vaults:3 | Noticed zkyp's ghost (great OpVM)
 33777 | Vaults:3 | Killed zkyp's ghost
 33778 | Vaults:3 | Killed from afar by a deep elf annihilator

Action                   |  1- 3 |  4- 6 |  7- 9 | 10-12 | 13-15 | 16-18 || total
-------------------------+-------+-------+-------+-------+-------+-------++-------
Melee: Hand axe          |   135 |   251 |   431 |       |       |       ||   817
       War axe           |       |       |   264 |    10 |       |   514 ||   788
       Broad axe         |       |       |       |  1020 |   452 |       ||  1472
       Battleaxe         |       |       |       |       |  1633 |  1021 ||  2654
Throw: Stone             |    63 |    64 |    21 |       |       |       ||   148
       Dart              |    14 |     2 |       |       |       |       ||    16
       Tomahawk          |       |    29 |    15 |     4 |       |       ||    48
       Javelin           |       |       |    67 |    62 |    29 |    18 ||   176
 Cast: Blink             |       |       |       |       |       |     3 ||     3
       Flight            |       |       |       |       |       |     3 ||     3
       Repel Missiles    |       |       |       |       |       |     1 ||     1
 Abil: Device Recharging |       |       |     1 |       |     1 |     3 ||     5
Evoke: Wand              |       |     4 |    10 |     5 |    46 |    43 ||   108
  Use: Potion            |       |     4 |     6 |     3 |     6 |    15 ||    34
       Scroll            |       |       |    19 |    13 |    26 |    23 ||    81
